 Dungeon Sprint DCSS version 0.29.1-2-gbd0b4ee654 (webtiles) character file.

Game seed: 7267858835735082222

4900000 boopmooplesden the Axe Maniac (level 23, -5/240 HPs)
             Began as a Minotaur Gladiator on Nov 15, 2022.
             Was the Champion of Makhleb.
             Slain by a destroyer
             ... wielding a +9 vorpal great sword
              (225 damage)
             ... in the Dungeon (Sprint VIII: "Arena of Blood").
             The game lasted 00:03:19 (49 turns).

boopmooplesden the Axe Maniac (Minotaur Gladiator)    Turns: 49, Time: 00:03:19

Health: -5/240     AC:  5    Str: 27    XL:     23   Next: 37%
Magic:  19/39      EV: 27    Int:  5    God:    Makhleb [******]
Gold:   0          SH:  0    Dex: 15    Spells: 47/47 levels left

rFire   . . .      SeeInvis .   l - +∞ Axe of Woe
rCold   . . .      Faith    .   (shield currently unavailable)
rNeg    . . .      Spirit   .   b - +0 leather armour
rPois   .          Reflect  .   c - +0 hat
rElec   .          Harm     .   (no cloak)
rCorr   .          Rampage  .   (no gloves)
Will    +....      NoTele   +   (no boots)
Stlth   ++++++....              (no amulet)
HPRegen 0.50/turn               (no ring)
MPRegen 0.26/turn               (no ring)

@: no status effects
A: horns 2, retaliatory headbutt
a: Renounce Religion, Minor Destruction, Lesser Servant of Makhleb, Major
Destruction, Greater Servant of Makhleb


You were in the Dungeon.
You worshipped Makhleb.
Makhleb was exalted by your worship.
You visited 1 branch

Inventory:

Hand Weapons
 a - a +0 war axe
 l - the +∞ Axe of Woe (weapon)
   (You found it in the Dungeon)
Missiles
 d - 3 throwing nets (quivered)
 e - a javelin
Armour
 b - a +0 leather armour (worn)
 c - a +0 hat (worn)
Scrolls
 k - a scroll of blinking
Potions
 f - a potion of curing
 g - a potion of heal wounds
 h - a potion of haste
 i - 2 potions of magic
 j - a potion of berserk rage


   Skills:
 O Level 27 Fighting
 + Level 19.1(22.2) Short Blades
 + Level 20.7(24.0) Long Blades
 O Level 27 Axes
 + Level 20.7(27) Maces & Flails
 + Level 20.7(27) Polearms
 + Level 20.7(26.7) Staves
 + Level 19.1 Ranged Weapons
 O Level 27 Throwing
 + Level 20.7 Armour
 O Level 27 Dodging
 + Level 16.3 Stealth
 + Level 20.6 Shields
 + Level 19.1 Unarmed Combat
 + Level 12.8 Spellcasting
 + Level 14.6 Conjurations
 + Level 13.6 Hexes
 + Level 13.9 Summonings
 + Level 13.9 Necromancy
 + Level 13.9 Translocations
 + Level 15.8 Transmutations
 + Level 14.6 Fire Magic
 + Level 14.6 Ice Magic
 + Level 14.6 Air Magic
 + Level 15.8 Earth Magic
 + Level 15.4 Poison Magic
 O Level 27 Invocations
 + Level 18.1 Evocations


You had 47 spell levels left.
You didn't know any spells.
Your spell library was empty.

Dungeon Overview and Level Annotations

Branches:
Dungeon (1/1)

Altars:
Makhleb


Innate Abilities, Weirdness & Mutations

You have a pair of horns on your head.
You reflexively headbutt those who attack you in melee.


Message History

Your Translocations skill increases to level 13!
Your Transmutations skill increases to level 15!
Your Fire Magic skill increases to level 14!
Your Ice Magic skill increases to level 14!
Your Air Magic skill increases to level 14!
Your Earth Magic skill increases to level 15!
Your Evocations skill increases to level 17!
You have reached level 23!
You slash the destroyer!
You hew the destroyer savagely.
You destroy the destroyer!
Makhleb accepts your kill.
You feel better.
You slice the meat berserker!!
You dissect the meat berserker like a pig carcass.
You kill the meat berserker!
Makhleb accepts your kill.
You feel better.
The destroyer is engulfed in blazing flames.
The destroyer points at you and mumbles some strange words.
The destroyer blinks!
You hear a shout! x2
A large bag of meat comes into view. It is wielding a +9 giant spiked club.
You hear a shout! x2
Your base Short Blades skill increases to level 19!
Your Ranged Weapons skill increases to level 19!
Your Stealth skill increases to level 16!
Your Unarmed Combat skill increases to level 19!
Your Poison Magic skill increases to level 15!
Your Evocations skill increases to level 18!
Unknown command.
Really walk into that cloud of flame?
A meat berserker comes into view. It is wielding a +9 battleaxe.
You are engulfed in blazing flames.
The meat berserker shouts!
You hear a shout! x4
The tyrant is engulfed in blazing flames.
The tyrant touches you.
You hear a shout!
The destroyer is engulfed in blazing flames.
The destroyer hits you with a +9 vorpal great sword!!!!!
Ouch! That really hurt!
You die...

....... .. .....##.# .#
....... .....
.####.....##.##.....
#....................
#.O........#.#......
#O....§V...........#
#...L@§....O.......
.O.#...§))z..o.......
.o.....)).)○°..V.....
........§))○))☼......
.......#..).)))#.... ..
.#..o..#...)o))# ....
...o.###......)###.....
..........###)V........
.#........_...........


You could see a tyrant (fast), 2 destroyers, a sculptor of flesh, a large bag of
meat (inner flame), 3 meat berserkers and 5 bags of meat.

Vanquished Creatures
  8 vampire knights (D)
  13 ogres (D)
  6 two-headed ogres (D)
  33 orcs (D)
  A skeletal warrior (D)
61 creatures vanquished.

Notes
Turn   | Place    | Note
-------+----------+-------------------------------------------
     0 | D        | Found the +∞ Axe of Woe
     0 | D        | boopmooplesden the Minotaur Gladiator began the quest for
                  | the Orb.
     0 | D        | Reached XP level 1. HP: 18/18 MP: 0/0
     2 | D        | Noticed a bag of meat
     2 | D        | Noticed a bag of meat
     3 | D        | Noticed a bag of meat
     4 | D        | Became a worshipper of Makhleb the Destroyer
     4 | D        | Noticed a bag of meat
     5 | D        | Noticed a bag of meat
     6 | D        | Noticed a bag of meat
     7 | D        | Killed a bag of meat
     7 | D        | Noticed a meat berserker
     7 | D        | Noticed a bag of meat
     8 | D        | Reached skill level 10 in Fighting
     8 | D        | Reached XP level 2. HP: 39/39 MP: 1/1
     8 | D        | Reached XP level 3. HP: 46/46 MP: 2/2
     8 | D        | Reached XP level 4. HP: 53/53 MP: 3/3
     8 | D        | Reached XP level 5. HP: 59/59 MP: 4/4
     8 | D        | Reached XP level 6. HP: 67/67 MP: 5/5
     8 | D        | Reached XP level 7. HP: 73/73 MP: 6/6
     8 | D        | Reached XP level 8. HP: 81/81 MP: 7/7
     8 | D        | Reached XP level 9. HP: 86/86 MP: 8/8
     8 | D        | Reached XP level 10. HP: 94/94 MP: 9/9
     8 | D        | Killed a bag of meat
     8 | D        | Reached * piety under Makhleb
     8 | D        | Noticed a bag of meat
     8 | D        | Noticed a bag of meat
     8 | D        | Noticed a bag of meat
     9 | D        | Reached skill level 10 in Throwing
     9 | D        | Reached XP level 11. HP: 105/105 MP: 10/10
     9 | D        | Killed a bag of meat
    10 | D        | Reached XP level 12. HP: 115/115 MP: 11/11
    11 | D        | Noticed a bag of meat
    12 | D        | Noticed a meat berserker
    12 | D        | Killed a bag of meat
    12 | D        | Noticed a meat berserker
    13 | D        | Reached XP level 13. HP: 125/125 MP: 12/12
    13 | D        | Killed a meat berserker
    13 | D        | Reached ** piety under Makhleb
    13 | D        | Killed a meat berserker
    13 | D        | Noticed a bag of meat
    14 | D        | Reached skill level 27 in Axes
    14 | D        | Reached skill level 15 in Throwing
    14 | D        | Reached skill level 27 in Dodging
    14 | D        | Reached XP level 14. HP: 147/147 MP: 13/13
    14 | D        | Killed a bag of meat
    15 | D        | Noticed a bag of meat
    15 | D        | Noticed a bag of meat
    15 | D        | Noticed a bag of meat
    15 | D        | Noticed a bag of meat
    15 | D        | Noticed a bag of meat
    15 | D        | Noticed a bag of meat
    15 | D        | Noticed a bag of meat
    16 | D        | Killed a bag of meat
    16 | D        | Reached *** piety under Makhleb
    17 | D        | Noticed a meat berserker
    17 | D        | Noticed a meat berserker
    18 | D        | Noticed a bag of meat
    18 | D        | Killed a bag of meat
    18 | D        | Killed a bag of meat
    19 | D        | Reached XP level 15. HP: 173/173 MP: 14/14
    19 | D        | Killed a meat berserker
    20 | D        | Reached skill level 27 in Fighting
    20 | D        | Noticed a large bag of meat
    20 | D        | Reached **** piety under Makhleb
    21 | D        | Reached skill level 27 in Throwing
    21 | D        | Reached XP level 16. HP: 183/183 MP: 15/15
    21 | D        | Noticed a destroyer
    23 | D        | Reached skill level 1 in Stealth
    23 | D        | Reached skill level 1 in Spellcasting
    23 | D        | Reached skill level 1 in Conjurations
    23 | D        | Reached skill level 1 in Hexes
    23 | D        | Reached skill level 1 in Summonings
    23 | D        | Reached skill level 1 in Necromancy
    23 | D        | Reached skill level 1 in Translocations
    23 | D        | Reached skill level 1 in Transmutations
    23 | D        | Reached skill level 1 in Fire Magic
    23 | D        | Reached skill level 1 in Ice Magic
    23 | D        | Reached skill level 1 in Air Magic
    23 | D        | Reached skill level 1 in Earth Magic
    23 | D        | Reached skill level 1 in Poison Magic
    23 | D        | Reached ***** piety under Makhleb
    23 | D        | Killed a large bag of meat
    23 | D        | Killed a meat berserker
    24 | D        | Reached skill level 5 in Stealth
    24 | D        | Reached skill level 5 in Evocations
    24 | D        | Reached XP level 17. HP: 129/191 MP: 15/21
    25 | D        | Reached skill level 5 in Hexes
    25 | D        | Reached skill level 5 in Transmutations
    25 | D        | Reached skill level 5 in Earth Magic
    25 | D        | Reached skill level 5 in Poison Magic
    25 | D        | Noticed a large bag of meat
    25 | D        | Noticed a large bag of meat
    25 | D        | Noticed a destroyer
    25 | D        | Noticed a large bag of meat
    25 | D        | Noticed a meat berserker
    26 | D        | Killed a destroyer
    26 | D        | Killed a meat berserker
    26 | D        | Reached ****** piety under Makhleb
    27 | D        | Reached skill level 5 in Spellcasting
    27 | D        | Reached XP level 18. HP: 200/200 MP: 15/25
    28 | D        | Reached skill level 10 in Long Blades
    28 | D        | Reached skill level 10 in Maces & Flails
    28 | D        | Reached skill level 10 in Polearms
    28 | D        | Reached skill level 10 in Staves
    28 | D        | Reached skill level 10 in Armour
    28 | D        | Reached skill level 10 in Shields
    28 | D        | Noticed a large bag of meat
    28 | D        | Killed a destroyer
    28 | D        | Killed a meat berserker
    29 | D        | Reached skill level 10 in Evocations
    29 | D        | Reached XP level 19. HP: 207/207 MP: 15/29
    30 | D        | Killed a large bag of meat
    31 | D        | Reached skill level 10 in Stealth
    31 | D        | Reached skill level 10 in Poison Magic
    31 | D        | Killed a large bag of meat
    31 | D        | Killed a large bag of meat
    32 | D        | Reached skill level 10 in Transmutations
    32 | D        | Reached skill level 10 in Earth Magic
    33 | D        | Reached skill level 10 in Hexes
    33 | D        | Reached XP level 20. HP: 154/216 MP: 16/31
    33 | D        | Killed a large bag of meat
    34 | D        | Reached skill level 15 in Long Blades
    34 | D        | Reached skill level 15 in Maces & Flails
    34 | D        | Reached skill level 15 in Polearms
    34 | D        | Reached skill level 15 in Staves
    34 | D        | Reached skill level 15 in Armour
    34 | D        | Reached skill level 15 in Shields
    34 | D        | Reached skill level 10 in Conjurations
    34 | D        | Reached skill level 10 in Summonings
    34 | D        | Reached skill level 10 in Necromancy
    34 | D        | Reached skill level 10 in Translocations
    34 | D        | Reached skill level 10 in Fire Magic
    34 | D        | Reached skill level 10 in Ice Magic
    34 | D        | Reached skill level 10 in Air Magic
    34 | D        | Noticed a destroyer
    34 | D        | Noticed a destroyer
    34 | D        | Noticed a meat berserker
    35 | D        | Noticed a meat berserker
    35 | D        | Noticed a meat berserker
    35 | D        | Noticed a destroyer
    36 | D        | Killed a destroyer
    37 | D        | Killed a destroyer
    37 | D        | Noticed a meat berserker
    37 | D        | Noticed a destroyer
    37 | D        | Noticed a destroyer
    38 | D        | Reached skill level 27 in Invocations
    38 | D        | Reached XP level 21. HP: 224/224 MP: 17/37
    39 | D        | Reached skill level 15 in Short Blades
    39 | D        | Reached skill level 15 in Ranged Weapons
    39 | D        | Reached skill level 15 in Unarmed Combat
    39 | D        | Reached skill level 10 in Spellcasting
    40 | D        | Noticed a large bag of meat
    41 | D        | Noticed a destroyer
    41 | D        | Killed a destroyer
    42 | D        | Reached skill level 15 in Evocations
    42 | D        | Noticed a destroyer
    42 | D        | Noticed a destroyer
    44 | D        | Reached XP level 22. HP: 233/233 MP: 18/38
    44 | D        | Noticed a tyrant
    46 | D        | Killed a destroyer
    47 | D        | Reached skill level 15 in Stealth
    47 | D        | Killed a large bag of meat
    47 | D        | Killed a destroyer
    47 | D        | Noticed a destroyer
    48 | D        | Reached skill level 15 in Transmutations
    48 | D        | Reached skill level 15 in Earth Magic
    48 | D        | Reached XP level 23. HP: 201/240 MP: 19/39
    48 | D        | Killed a destroyer
    48 | D        | Noticed a large bag of meat
    49 | D        | Reached skill level 15 in Poison Magic
    49 | D        | Slain by a destroyer

Illustrated notes

Levels and vault maps discovered:
D:        meatsprint

Skill      XL: |  1  2  3  4  5  6  7  8  9 10 11 12 13 14 15 16 17 18 19 20 21 22 23 |
---------------+----------------------------------------------------------------------+-----
Fighting       | 10 12 13 14 19 26 27 | 27.0
Axes           | 19 22 24 25 27 | 27.0
Throwing       | 8 10 11 15 19 27 | 27.0
Dodging        | 17 20 21 23 27 | 27.0
Short Blades   | 6 9 11 13 14 16 18 19 | 19.1
Long Blades    | 6 9 12 14 15 18 20 | 20.7
Maces & Flails | 6 9 12 14 15 18 20 | 20.7
Polearms       | 6 9 12 14 15 18 20 | 20.7
Staves         | 6 9 12 14 15 18 20 | 20.7
Ranged Weapons | 6 9 11 13 14 16 18 19 | 19.1
Armour         | 6 9 12 14 15 18 20 | 20.7
Stealth        | 5 7 9 11 12 14 15 16 | 16.3
Shields        | 6 9 12 14 15 18 20 | 20.6
Unarmed Combat | 6 9 11 13 14 16 18 19 | 19.1
Spellcasting   | 3 5 7 8 9 11 12 | 12.8
Conjurations   | 4 6 8 9 10 12 14 | 14.6
Hexes          | 4 6 8 10 12 13 | 13.6
Summonings     | 4 6 8 9 10 12 13 | 13.9
Necromancy     | 4 6 8 9 10 12 13 | 13.9
Translocations | 4 6 8 9 10 12 13 | 13.9
Transmutations | 4 6 8 10 11 13 15 | 15.8
Fire Magic     | 4 6 8 9 10 12 14 | 14.6
Ice Magic      | 4 6 8 9 10 12 14 | 14.6
Air Magic      | 4 6 8 9 10 12 14 | 14.6
Earth Magic    | 4 6 8 10 11 13 15 | 15.8
Poison Magic   | 4 7 9 10 11 13 14 15 | 15.4
Invocations    | 6 9 11 13 27 | 27.0
Evocations     | 5 8 10 12 13 15 17 18 | 18.1

Action                   |  1- 3 |  4- 6 |  7- 9 | 10-12 | 13-15 | 16-18 | 19-21 | 22-24 || total
-------------------------+-------+-------+-------+-------+-------+-------+-------+-------++-------
Melee: Executioner's axe |     1 |       |       |     3 |     6 |     6 |    10 |     4 ||    30
Invok: Greater Servant o |       |       |       |       |       |       |     1 |       ||     1
Dodge: Dodged            |       |       |       |     1 |     1 |       |       |       ||     2
